 Dungeon Crawl Stone Soup version 0.27-a0-1434-g6f15984924 (webtiles) character file.

Game seed: 1772264666734996124

33 AarnesTheHuman the Shield-Bearer (level 3, 0/30 HPs)
             Began as a Barachi Fighter on July 3, 2021.
             Slain by an adder (2 damage)
             ... on level 1 of the Dungeon.
             The game lasted 00:02:07 (1491 turns).

AarnesTheHuman the Shield-Bearer (Barachi Fighter)  Turns: 1491, Time: 00:02:08

Health: 0/30       AC:  7    Str: 18    XL:     3   Next: 29%
Magic:  3/3        EV:  4    Int:  8    God:
Gold:   72         SH:  9    Dex: 11    Spells: 2/2 levels left

rFire    . . .     SeeInvis .   a - +0 rapier
rCold    . . .     Faith    .   c - +0 kite shield
rNeg     . . .     Spirit   .   b - +0 scale mail
rPois    .         Reflect  .   (no helmet)
rElec    .         Harm     .   (no cloak)
rCorr    .         Rampage  .   (no gloves)
Will     .....                  (no boots)
Stlth    ..........             (no amulet)
HPRegen  0.10/turn              (no ring)
MPRegen  0.08/turn              (no ring)

@: lethally poisoned (0 -> -1), constricted, slow
A: amphibious, slowness 1, strong legs 1, +LOS
a: Hop


You were on level 1 of the Dungeon.
You visited 1 branch of the dungeon, and saw 2 of its levels.

You collected 72 gold pieces.

Inventory:

Hand Weapons
 a - a +0 rapier (weapon)
Armour
 b - a +0 scale mail (worn)
 c - a +0 kite shield (worn)
Scrolls
 f - a scroll of amnesia {unknown}
 h - 2 scrolls of identify {unknown}
 i - a scroll of fear {unknown}
 j - a scroll of magic mapping {unknown}
Potions
 d - a potion of might
 e - a potion of brilliance {unknown}
 g - a potion of berserk rage {unknown}


   Skills:
 + Level 4.0 Fighting
 - Level 2.1 Short Blades
 + Level 4.0 Armour
 * Level 4.1 Shields


You had 2 spell levels left.
You didn't know any spells.
Your spell library was empty.

Dungeon Overview and Level Annotations

Branches:
Dungeon (2/15)

Altars:


Innate Abilities, Weirdness & Mutations

You are amphibious.
You cover ground slowly.
You can hop short distances.
You have an extended range of vision and can be seen from far away.


Message History

You are poisoned.
The adder poisons you!
The ball python bites you but does no damage.
The ball python constricts you. You block the adder's attack.
You hit the adder.
The adder is lightly wounded.
You feel sick. You block the ball python's attack.
The ball python constricts you. You block the adder's attack.
The ball python bites you but does no damage.
The ball python constricts you. The adder bites you but does no damage.
You closely miss the adder.
The adder is lightly wounded.
You feel sick. You block the adder's attack.
The ball python bites you but does no damage.
The ball python constricts you.
You hit the adder.
The adder is heavily wounded.
You feel sick.
You are no longer poisoned.
The adder bites you.
You are poisoned.
The adder poisons you! You block the ball python's attack.
The ball python constricts you. The adder bites you.
* * * LOW HITPOINT WARNING * * *
The ball python bites you.
* * * LOW HITPOINT WARNING * * *
The ball python constricts you.
You completely miss the adder.
The adder is heavily wounded.
You feel sick. The adder completely misses you.
The ball python bites you but does no damage.
The ball python constricts you. The adder barely misses you.
You miss the adder.
The adder is heavily wounded.
You feel sick. The ball python barely misses you.
The ball python constricts you. You block the adder's attack.
The ball python bites you.
* * * LOW HITPOINT WARNING * * *
x2 The ball python constricts you.
The adder bites you.
You die...

#.##..#..#.#.##.#.##.#
#.##..#.[#.#.##.#.##.#
###.##..#..#.#.##.#.##.#
#....#..#..#.#.##.#.##.#
#....#..##.#.#.##.#.##.#
#..........#.#.##.#.##.#
###########.##.#####.#.##.#..#.#
...............S.....#.##.##.#.#
......######..>S@......##.##.#.#
+#≈≈≈##........##########.##.#.#
#.....#......#.#.......##.#..#.#
≈..<..≈......#.#######.##.#....#
≈..⌠..≈.)....#.# #.##.#..###
#.....#......#.#######.##÷#..#
##≈≈≈###≈≈≈###.##.......#.#..####
......#....§#..##.........#÷÷....
......≈..⌠..≈..##.........##.####


You could see an adder and a ball python.

Vanquished Creatures
  2 bats (D:1)
  3 endoplasms (D:1)
  A giant cockroach (D:2)
  4 hobgoblins (D:1)
  6 jackals (D:1)
  4 kobolds
  A quokka (D:1)
  2 ball pythons (D:1)
  2 goblins (D:1)
  3 rats
28 creatures vanquished.

Notes
Turn   | Place    | Note
-------+----------+-------------------------------------------
     0 | D:1      | AarnesTheHuman the Barachi Fighter began the quest for the
                  | Orb.
     0 | D:1      | Reached XP level 1. HP: 18/18 MP: 1/1
   189 | D:1      | Reached XP level 2. HP: 18/25 MP: 2/2
   573 | D:1      | Found a faded altar of an unknown god.
   924 | D:1      | Reached XP level 3. HP: 30/30 MP: 3/3
  1491 | D:1      | Slain by an adder

Illustrated notes

Levels and vault maps discovered:
D:1:      dpeg_arrival_rooms_with_view, layout_basic,
          hellmonk_ecumenical_altar_leap_of_faith, lemuel_flame_loot_1
D:2:      layout_rooms

Skill      XL: |  1  2 |
---------------+-------+-----
Armour         | 4 |  4.0
Fighting       | 4 |  4.0
Shields        | 4 |  4.1
Short Blades   | |  2.1

Action                   || total
-------------------------++-------
Melee: Rapier            ||   108
Armor: Scale mail        ||    64
Dodge: Dodged            ||    41
Block: Kite shield       ||    69

Table legend: (Time is in decaauts)
 A = Elapsed time spent in this place.
 B = Non-inter-level travel time spent in this place.
 C = Inter-level travel time spent in this place.
 D = Time resting spent in this place.
 E = Time spent auto-exploring this place.
 F = Levels seen in this place.
 G = Mean time per level.
                   A        B        C        D        E       F      G
               +--------+--------+--------+--------+--------+-----+--------+
         Total |   1668 |   1608 |     60 |    139 |   1197 |   2 |  834.0 |
       Dungeon |   1668 |   1608 |     60 |    139 |   1197 |   2 |  834.0 |
               +--------+--------+--------+--------+--------+-----+--------+

Top non-repeatable levels by time:
     D:1: 1557 daAuts
     D:2: 111 daAuts
